 Dungeon Crawl Stone Soup version 0.28.0-47-ge53b351184 (webtiles) character file.

Game seed: 6091745578054927418

1574 issech the Skirmisher (level 8, -1/71 HPs)
             Began as a Troll Monk on May 11, 2022.
             Was a Priest of Hepliaklqana.
             Slain by an orc warrior
             ... wielding a +1 glaive of venom
              (15 damage)
             ... on level 7 of the Dungeon.
             The game lasted 00:22:22 (5999 turns).

issech the Skirmisher (Troll Monk)                  Turns: 5999, Time: 00:22:23

Health: -1/71      AC:  5    Str: 20    XL:     8   Next: 59%
Magic:  16/16      EV: 11    Int:  6    God:    Hepliaklqana [***...]
Gold:   256        SH:  0    Dex: 14    Spells: 7/7 levels left

rFire   . . .      SeeInvis .   C - +4 mace (protect)
rCold   . . .      Faith    .   (no shield)
rNeg    + . .      Spirit   .   b - +0 robe
rPois   .          Reflect  .   (helmet restricted)
rElec   .          Harm     .   q - +0 cloak
rCorr   .          Rampage  .   (gloves unavailable)
Will    .....                   (boots unavailable)
Stlth   ++........              (no amulet)
HPRegen 1.01/turn               G - ring of positive energy
MPRegen 0.15/turn               x - ring of magical power

@: no status effects
A: reduced essence, large, unfitting armour, claws 3, regeneration 1, shaggy fur
1, tough skin 1
a: Renounce Religion, Recall Ancestor, Ancestor Identity, Transference


You were on level 7 of the Dungeon.
You worshipped Hepliaklqana.
Hepliaklqana was most pleased with you.
You visited 2 branches of the dungeon, and saw 9 of its levels.

You collected 537 gold pieces.
You spent 281 gold pieces at shops.

Inventory:

Hand Weapons
 a - a +0 mace
 d - a +0 short sword of speed
 o - a +4 dagger
 p - a +1 short sword of holy wrath
 t - a +0 war axe
 w - a +0 flail
 y - a +0 dagger of venom
 C - a +4 mace of protection (weapon)
 H - a +0 giant club
 N - a +4 scimitar
Missiles
 c - 395 stones
 f - 147 arrows
 r - 42 sling bullets
 s - 6 boomerangs
 u - 64 bolts
 v - 17 poisoned darts
 z - 6 boomerangs of dispersal
 K - a large rock (quivered)
Armour
 b - a +0 robe (worn)
 q - a +0 cloak (worn)
Jewellery
 i - a ring of wizardry
 x - a ring of magical power (right claw)
 G - a ring of positive energy (left claw)
Wands
 A - a wand of iceblast (4)
 F - a wand of polymorph (9)
Scrolls
 e - 4 scrolls of enchant weapon
 h - a scroll of vulnerability
 k - 3 scrolls of blinking
 m - 2 scrolls of fear
 n - 2 scrolls of fog {unknown}
 B - a scroll of holy word {unknown}
 I - a scroll of noise {unknown}
 J - a scroll of immolation {unknown}
 L - a scroll of teleportation {unknown}
 M - a scroll of magic mapping {unknown}
Potions
 g - 4 potions of curing {unknown}
 j - a potion of ambrosia {unknown}
 l - a potion of degeneration {unknown}
 D - a potion of brilliance {unknown}
 E - a potion of haste {unknown}


   Skills:
 + Level 4.9 Fighting
 + Level 4.5 Short Blades
 + Level 4.2 Maces & Flails
 + Level 2.6 Throwing
 + Level 4.7 Dodging
 + Level 2.1 Stealth


You had 7 spell levels left.
You didn't know any spells.
Your spell library contained the following spells:

 Spells                   Type           Power      Damage    Failure   Level
 Foxfire                  Conj/Fire      0%         2x1d4     45%         1
 Conjure Flame            Conj/Fire      0%         6-21      83%         3
 Ignite Poison            Fire/Tmut/Pois 0%         N/A       83%         3
 Inner Flame              Hex/Fire       0%         N/A       83%         3
 Mephitic Cloud           Conj/Pois/Air  0%         N/A       83%         3
 Cause Fear               Hex            0%         N/A       99%         4
 Flame Wave               Conj/Fire      0%         2d4       99%         4
 Freezing Cloud           Conj/Ice/Air   0%         6-21      100%        5
 Discord                  Hex            0%         N/A       100%        8


Dungeon Overview and Level Annotations

Branches:
Dungeon (8/15)             Temple (1/1) D:5
   Lair: D:8-11

Altars:
Ashenzari
Cheibriados
Dithmenos
Elyvilon
Fedhas
Gozag
Hepliaklqana
Kikubaaqudgha
Makhleb
Nemelex Xobeh
Okawaru
Qazlal
Ru
Sif Muna
Trog
Uskayaw
Vehumet
Wu Jian
Xom
Yredelemnul
Zin
The Shining One

Shops:
D:4 (

Annotations:
D:5 2 transporters, Jingleheimer's ghost, novice NaFi


Innate Abilities, Weirdness & Mutations

Your life essence is reduced to manifest your ancestor. (-10% HP)
You are too large for most types of armour.
You have claws for hands.
Your natural rate of healing is unusually fast.
You are covered in fur. (AC +1)
You have tough skin. (AC +1)


Message History

The orc warrior hits you with a +1 glaive of venom.
You are more poisoned.
You hit the orc warrior.
The orc warrior is moderately wounded.
You feel very sick.
The orc warrior hits you with a +1 glaive of venom.
You are more poisoned.
Lwandle casts a spell at the orc warrior.
The stone arrow hits the orc warrior.
You swap places.
* * * LOW HITPOINT WARNING * * *
You feel extremely sick.
The orc warrior hits Lwandle with a +1 glaive of venom!
Lwandle barely misses the orc warrior.
You feel very sick.
The orc warrior hits Lwandle with a +1 glaive of venom!!
Lwandle is destroyed!
You feel very sick.
You are too injured to fight recklessly!
You feel very sick.
You feel very sick.
You feel sick.
Found 19 stones.
You feel sick.
Found a stone staircase leading down.
You feel sick.
You feel sick.
You feel sick.
You feel sick.
You feel sick.
You see here 19 stones.
You feel sick.
You are no longer poisoned.
There is a stone staircase leading down here.
You climb downwards.
There is a stone staircase leading up here.
The killer bee zombie closely misses you.
You climb upwards.
The orc warrior barely misses you.
There is a stone staircase leading down here.
The orc warrior misses you.
The orc warrior hits you from afar with a +1 glaive of venom!
You die...

#.........#
#.........#
#.........#
#.........#
#####..#.##
##.#.#
#.#.#
#####(#.#
#......@#
#....o..#
#......>#
#......##
####.###
... ####


You could see an orc warrior.

Vanquished Creatures
  A necrophage (D:6)
  A centaur (D:6)
  A kobold brigand (D:3)
  A scorpion (D:5)
  A water moccasin zombie (D:5)
  4 wights
  A howler monkey (D:6)
  2 jellies (D:6)
  2 bullfrog skeletons (D:6)
  2 orc priests
  A hound skeleton (D:4)
  A howler monkey skeleton (D:5)
  10 gnolls
  5 adders
  An adder skeleton (D:4)
  A worm (D:2)
  2 dart slugs (D:3)
  15 orcs
  8 endoplasms
  3 giant cockroaches
  13 goblins
  6 hobgoblins
  4 quokkas
  4 ball pythons
  6 bats
  4 frilled lizards
  40 kobolds
  9 rats
149 creatures vanquished.

Vanquished Creatures (collateral kills)
  An ogre (D:4)
  A sky beast (D:6)
  A scorpion (D:4)
  A wight (D:7)
  2 bullfrog zombies (D:5)
  An orc priest (D:7)
  2 iguanas
  2 orc wizards
  An adder (D:6)
  A shadow imp (D:6)
  A white imp (D:5)
  2 ufetubi
  2 adder skeletons (D:4)
  2 worms
  A dart slug (D:5)
  8 orcs
  An endoplasm (D:4)
  A giant cockroach (D:4)
  A kobold (D:4)
32 creatures vanquished.

Vanquished Creatures (others)
  2 battlemagi (D:7)
2 creatures vanquished.

Grand Total: 183 creatures vanquished

Notes
Turn   | Place    | Note
-------+----------+-------------------------------------------
     0 | D:1      | issech the Troll Monk began the quest for the Orb.
     0 | D:1      | Reached XP level 1. HP: 22/22 MP: 0/0
   134 | D:1      | Reached XP level 2. HP: 29/29 MP: 1/1
   700 | D:2      | Reached XP level 3. HP: 36/36 MP: 2/2
  1165 | D:2      | Reached XP level 4. HP: 31/44 MP: 3/3
  1298 | D:2      | Found a faded altar of an unknown god.
  1469 | D:2      | Reached skill level 1 in Short Blades
  1738 | D:3      | Found a snail-covered altar of Cheibriados.
  2205 | D:3      | Noticed a kobold brigand
  2254 | D:3      | Reached XP level 5. HP: 35/53 MP: 4/4
  2722 | D:3      | Reached XP level 6. HP: 58/61 MP: 5/5
  3252 | D:4      | Found Nuym's Weapon Emporium.
  3252 | D:4      | You fall into a shaft and drop 1 floor!
  3252 | D:5      | Entered Level 5 of the Dungeon
  3252 | D:5      | Found a staircase to the Ecumenical Temple.
  3261 | Temple   | Entered the Ecumenical Temple
  3326 | Temple   | Became a worshipper of Hepliaklqana the Forgotten
  3326 | Temple   | Reached * piety under Hepliaklqana
  3326 | Temple   | Reached ** piety under Hepliaklqana
  3327 | Temple   | Remembered your ancestor Lwandle as a battlemage
  3527 | D:5      | Found a transporter.
  3530 | D:5      | Noticed Jingleheimer's ghost (novice NaFi)
  3640 | D:5      | Found a transporter.
  3875 | D:5      | Reached XP level 7. HP: 60/61 MP: 6/6
  4023 | D:4      | Reached skill level 1 in Throwing
  4032 | D:4      | Bought a +4 mace of protection for 281 gold pieces
  5094 | D:6      | Reached XP level 8. HP: 27/71 MP: 7/7
  5240 | D:6      | Reached *** piety under Hepliaklqana
  5999 | D:7      | Slain by an orc warrior

Illustrated notes

Levels and vault maps discovered:
D:1:      minmay_arrival_up_and_down, layout_rooms
D:2:      minmay_razor_zed, layout_basic, nicolae_ecumenical_lake_church,
          minmay_circle_x
D:3:      minmay_goblin_kobold_castle, layout_basic, old_standard_altar
D:4:      layout_basic, serial_shops, nicolae_shop_statue_plus,
          kennysheep_potato
D:5:      layout_basic, minmay_temple_entry_junction_2,
          gammafunk_ghost_mausoleum
D:6:      layout_loops_ring, minmay_misc_feat_secret_circle
D:7:      layout_basic, nicolae_shop_gadgets
D:8:      layout_loops_ring, nicolae_specific_store, nicolae_wooded_promenade,
          nicolae_shop_fire_sale [nicolae_sub_dead_trees], corexii_checkpoint_a,
          grunt_ministairs_12
Temple:   mainiacjoe_temple_hex_bubbles

Skill      XL: |  1  2  3  4  5  6  7  8 |
---------------+-------------------------+-----
Maces & Flails | 3 4 |  4.2
Dodging        | 3 4 |  4.7
Short Blades   | 1 2 3 4 |  4.5
Fighting       | 3 4 |  4.9
Throwing       | 1 2 |  2.6
Stealth        | 2 |  2.1

Action                   |  1- 3 |  4- 6 |  7- 9 || total
-------------------------+-------+-------+-------++-------
Melee: Mace              |    18 |       |    64 ||    82
       Short sword       |   115 |       |       ||   115
       Punch             |     1 |     3 |     1 ||     5
       Dagger            |    13 |   334 |    10 ||   357
Throw: Stone             |     9 |    12 |       ||    21
       Boomerang         |       |     5 |     7 ||    12
       Large rock        |       |       |     3 ||     3
Invok: Ancestor Life: Ba |       |     1 |       ||     1
  Use: Scroll            |       |       |     4 ||     4
 Stab: Sleeping          |       |     1 |     1 ||     2
Armor: Robe              |    69 |   103 |    23 ||   195
Dodge: Dodged            |    74 |   202 |    47 ||   323
